 Dungeon Crawl Stone Soup version 0.15-a0-674-g7948ca6 (console) character file.

75 TAS2012 the Skirmisher (level 4, -4/37 HPs)
             Began as a Demonspawn Chaos Knight on May 9, 2014.
             Was a Plaything of Xom.
             Slain by Ijyb the orange rat (glowing shapeshifter) (8 damage)
             ... on Level 2 of the Dungeon.
             The game lasted 00:03:07 (1130 turns).

TAS2012 the Skirmisher (Demonspawn Chaos Knight)    Turns: 1130, Time: 00:03:08

HP  -4/37        AC  9     Str 12      XL: 4   Next: 11%
MP   4/4         EV 10     Int 13      God: Xom
Gold 64          SH  0     Dex 14      Spells:  0 memorised,  3 levels left

rFire  . . .     SeeInvis .     a - +0 mace (chaos)
rCold  . . .     Clarity  .     b - +2 leather armour
rNeg   . . .     Conserve .     (no shield)
rPois  .         rCorr    .     j - +0 helmet
rElec  .         rRot     .     (no cloak)
SustAb . .       Spirit   .     (no gloves)
rMut   .         Warding  .     (no boots)
Saprov . . .     Stasis   .     (no amulet)
MR     .....                    (no ring)
                                (no ring)

@: drained, not resistant to hostile enchantments, very unstealthy
A: yellow scales 2
a: Renounce Religion


You were on level 2 of the Dungeon.
You worshipped Xom.
You were Xom's teddy bear.
You were hungry.

You visited 1 branch of the dungeon, and saw 3 of its levels.

You collected 64 gold pieces.

Inventory:

Hand weapons
 a - a +0,+0 mace of chaos (weapon)
Armour
 b - a +2 leather armour (worn)
 j - a +0 helmet (worn)
Comestibles
 c - a bread ration
 f - a choko
 i - a rotting chunk of human flesh
Scrolls
 d - a scroll of identify {unknown}
 e - a scroll of amnesia {unknown}
 g - a scroll of fog {unknown}
 k - a scroll of enchant weapon I {unknown}
Potions
 h - a potion of agility {unknown}


   Skills:
 + Level 3.7(3.2) Fighting
 + Level 3.3(2.8) Maces & Flails
 + Level 1.9(1.5) Armour
 + Level 1.6(1.2) Dodging
 + Level 1.0(0.6) Stealth


You had 3 spell levels left.
You didn't know any spells.

Dungeon Overview and Level Annotations

Branches:
Dungeon (3/15)

Altars:

Annotations:
D:2 Ijyb


Innate Abilities, Weirdness & Mutations

You are mostly covered in yellow scales (AC +3).


Message History

Your leather armour prevents you from hitting the jackal.
The jackal misses you. Ijyb barely misses you.
You hit the jackal.
You kill the jackal!
Your Stealth skill increases to level 1!
Ijyb misses you.
You hit Ijyb but do no damage. Ijyb closely misses you.
You closely miss Ijyb. Ijyb hits you with a dagger.
Ijyb hits you but does no damage.
You hit Ijyb but do no damage. Ijyb barely misses you.
You hit Ijyb.
Ijyb changes into an orange rat!
Xom roars with laughter!
Ijyb closely misses you.
You barely miss Ijyb. Ijyb bites you! The giant newt bites you.
You hit the giant newt.
You kill the giant newt!
Ijyb bites you!
* * * LOW HITPOINT WARNING * * *
You feel drained.
You die...
Xom howls with laughter!

▒······ ····▒ ▒···▒▒▒▒····▒···▒▒··▒·▒·▒ ▒··▒·▒··▒
▒▒······· ·····▒ ▒···)······▒···▒▒··▒·▒·▒ ▒··▒·▒··▒
·▒?······▒ ·····▒▒▒▒·············▒▒▒··▒·▒·▒ ▒··▒·▒··▒
········▒· ·· ▒·························▒ ▒·▒ ▒··▒·▒··▒
········▒······▒·························▒ ▒·▒ ▒··▒·▒··▒
········▒······▒·················▒·······▒ ▒<▒ ▒··▒·▒··
·)······▒··············▒▒▒·······▒·······▒·▒▒▒▒▒▒▒▒··▒·▒
········▒··············▒ ▒·······▒·······▒·········%·▒
···=h···▒··········▒▒▒▒▒ ▒·······▒·······▒▒▒▒▒▒▒▒▒▒·▒▒
····h···▒··········▒ ▒·······▒▒▒▒▒▒▒·▒ ▒·▒
···▒▒▒···▒▒▒▒▒·····▒ ▒·············▒·▒▒ ▒·▒
···▒▒▒···▒▒▒·······▒▒▒▒▒▒▒▒▒▒·▒···········▒ ▒·▒
▒·h··hl············▒······)···[···········▒▒▒▒▒▒▒▒▒·▒▒
▒·hh····▒······▒···▒··············▒▒▒▒▒··············▒
▒Khg····▒······▒···▒············▒▒▒ ▒···▒▒▒▒▒▒▒▒▒··▒
▒▒h▒▒▒▒▒▒···▒▒▒▒···▒▒▒▒▒▒▒······▒ ▒···▒ ▒··▒ ▒·▒ ▒···▒
▒···▒ ▒▒▒▒◼▒▒▒ ▒▒·▒▒ ▒··▒
▒·▒▒▒▒▒▒···▒▒▒▒···▒▒▒▒▒▒▒▒▒▒·▒▒▒▒▒▒▒▒▒▒·▒▒▒▒▒▒▒▒▒▒··▒
▒·······························h·h·@rK·············▒
▒▒▒▒▒▒▒▒···▒▒▒▒▒▒▒▒▒▒▒▒▒▒▒▒▒·▒▒▒▒▒▒▒▒▒··▒▒▒▒▒▒▒▒▒▒▒·▒
▒▒▒▒▒ ▒··········(·············▒
▒▒▒▒▒▒▒▒▒▒▒·▒·▒▒▒▒▒▒▒▒▒▒▒▒ ▒·▒·▒ ▒·▒·▒ ▒·▒·▒ ▒·▒·▒ ▒·▒·▒
▒·▒·▒ ·▒·▒ ▒··


You could see Ijyb the orange rat shaped shifter, 2 jackals and a kobold.

Vanquished Creatures
  Jessica (D:2)
  A worker ant zombie (D:3)
  An adder (D:2)
  2 giant geckos (D:1)
  An ooze (D:2)
  2 ball pythons (D:1)
  6 bats
  5 goblins
  A hobgoblin (D:2)
  6 jackals (D:2)
  A giant newt (D:2)
  3 kobolds (D:1)
  7 rats
37 creatures vanquished.

Notes
Turn   | Place    | Note
--------------------------------------------------------------
     0 | D:1      | TAS2012, the Demonspawn Chaos Knight, began the quest for the Orb.
     0 | D:1      | Reached XP level 1. HP: 18/18 MP: 1/1
    59 | D:1      | Reached skill level 1 in Dodging
    93 | D:1      | XOM: harmless Summ miscast
   132 | D:1      | Gained mutation: You are partially covered in yellow scales (AC +2). [demonic ancestry]
   132 | D:1      | Reached XP level 2. HP: 16/24 MP: 2/2
   742 | D:2      | Noticed Jessica
   752 | D:2      | Killed Jessica
   752 | D:2      | Reached XP level 3. HP: 16/29 MP: 3/3
   855 | D:2      | Noticed Ijyb
   942 | D:3      | Gained mutation: You are mostly covered in yellow scales (AC +3). [demonic ancestry]
   942 | D:3      | Reached XP level 4. HP: 12/37 MP: 4/4
  1117 | D:3      | XOM: divination: detect creatures
  1124 | D:2      | Reached skill level 1 in Stealth
  1128 | D:2      | Noticed Ijyb
  1128 | D:2      | Ijyb changed into Ijyb the orange rat
  1130 | D:2      | Slain by Ijyb the orange rat (glowing shapeshifter)

Action                   |  1- 3 |  4- 6 || total
-------------------------+-------+-------++-------
Melee: Mace              |   117 |     9 ||   126
 Stab: Paralysed         |     5 |       ||     5
